 Dungeon Crawl Stone Soup version 0.29.1-15-g9cfb28693d (webtiles) character file.

Game seed: 9853742510673399119

52 Peloso the Trooper (level 3, -5/34 HPs)
             Began as a Minotaur Fighter on Apr 2, 2023.
             Slain by a gnoll
             ... wielding a +0 halberd
              (12 damage)
             ... on level 2 of the Dungeon.
             The game lasted 00:02:01 (1168 turns).

Peloso the Trooper (Minotaur Fighter)               Turns: 1168, Time: 00:02:02

Health: -5/34      AC:  7    Str: 20    XL:     3   Next: 60%
Magic:  2/2        EV:  9    Int:  5    God:
Gold:   86         SH:  4    Dex: 11    Spells: 2/2 levels left

rFire   . . .      SeeInvis .   a - +0 long sword
rCold   . . .      Faith    .   c - +0 buckler
rNeg    . . .      Spirit   .   b - +0 scale mail
rPois   .          Reflect  .   (helmet restricted)
rElec   .          Harm     .   (no cloak)
rCorr   .          Rampage  .   (no gloves)
Will    .....                   (no boots)
Stlth   ..........              (no amulet)
HPRegen 0.11/turn               (no ring)
MPRegen 0.08/turn               (no ring)

@: no status effects
A: horns 2, retaliatory headbutt
a: no special abilities


You were on level 2 of the Dungeon.
You visited 1 branch of the dungeon, and saw 2 of its levels.

You collected 86 gold pieces.

Inventory:

Hand Weapons
 a - a +0 long sword (weapon)
Armour
 b - a +0 scale mail (worn)
 c - a +0 buckler (worn)
Scrolls
 e - 2 scrolls of amnesia {unknown}
 g - 2 scrolls of identify
 h - a scroll of teleportation
Potions
 d - a potion of might
 f - a potion of heal wounds {unknown}
 i - a potion of berserk rage


   Skills:
 + Level 4.5 Fighting
 + Level 3.0 Long Blades
 + Level 4.1 Armour
 + Level 0.1 Dodging
 + Level 4.1 Shields


You had 2 spell levels left.
You didn't know any spells.
Your spell library was empty.

Dungeon Overview and Level Annotations

Branches:
Dungeon (2/15)

Altars:

Shops:
D:2 ?


Innate Abilities, Weirdness & Mutations

You have a pair of horns on your head.
You reflexively headbutt those who attack you in melee.


Message History

You closely miss the goblin. The goblin closely misses you.
The goblin attacks as you move away! The goblin hits you but does no damage.
You see here a +0 club.
The goblin attacks as you move away! You block the goblin's attack.
The goblin hits you but does no damage. The gnoll closely misses you.
The goblin attacks as you move away! The goblin hits you with a +0 dagger.
The goblin attacks as you move away! The goblin hits you with a +0 dagger.
The goblin attacks as you move away! The goblin hits you but does no damage.
The goblin attacks as you move away! The goblin closely misses you.
The goblin hits you but does no damage. The gnoll closely misses you.
The goblin attacks as you move away! The goblin hits you but does no damage.
The goblin attacks as you move away! The goblin closely misses you.
The goblin attacks as you move away! The goblin hits you but does no damage.
The goblin attacks as you move away! The goblin hits you with a +0 dagger.
You closely miss the goblin. Your headbutt misses the goblin.
The goblin hits you with a +0 dagger.
You hit the goblin.
The goblin is heavily wounded.
The goblin hits you but does no damage. The goblin barely misses you.
You hit the goblin.
You kill the goblin!
You hit the gnoll.
The gnoll is heavily wounded.
You block the gnoll's attack.
You hit the gnoll.
The gnoll is severely wounded.
The gnoll hits you from afar with a +0 halberd!
The gnoll hits you with a +0 flail of holy wrath!
You barely miss the gnoll. You headbutt the gnoll.
You kill the gnoll!
The gnoll hits you but does no damage.
The gnoll hits you from afar with a +0 halberd!
* * * LOW HITPOINT WARNING * * *
Your Long Blades skill increases to level 3!
There is an open door here.
There is an open door here.
There is a stone staircase leading down here.
There is a stone staircase leading up here.
The gnoll hits you from afar with a +0 halberd!
You die...

#.# #.# #.###############
#.##............#
####.##.####.#####.#
#....##.####.# #.#
#...g........# #)# #
#....##.####.# #.#
#.#########..@.#.####.#####.#
##............................#
#....[########...#########.####
##.#.#.# ##.## #.#### .......#
#.# #....# #<#.#.# #.# ####.#
#...#.# ##'## #.# #..##.#
##...## ###.## #...#.#
##.....## ###..#.#


You could see a gnoll.

Vanquished Creatures
  An adder (D:2)
  2 gnolls (D:2)
  A dart slug (D:1)
  2 bats (D:1)
  An endoplasm (D:2)
  5 hobgoblins
  4 goblins
  3 kobolds
  4 rats
23 creatures vanquished.

Notes
Turn   | Place    | Note
-------+----------+-------------------------------------------
     0 | D:1      | Peloso the Minotaur Fighter began the quest for the Orb.
     0 | D:1      | Reached XP level 1. HP: 19/19 MP: 0/0
   459 | D:1      | Reached XP level 2. HP: 24/27 MP: 1/1
   961 | D:2      | Reached XP level 3. HP: 27/34 MP: 2/2
  1078 | D:2      | Found Vasuir's Magic Scroll Emporium.
  1168 | D:2      | Slain by a gnoll

Illustrated notes

Levels and vault maps discovered:
D:1:      sevenhm_arrival_forest_fort_small_3, layout_basic
D:2:      layout_loops_corners, serial_shops, nicolae_square_shop,
          grunt_ministairs_11, uniq_natasha

Skill      XL: |  1  2  3 |
---------------+----------+-----
Fighting       | 4 |  4.5
Armour         | 4 |  4.1
Shields        | 4 |  4.1
Long Blades    | 3 |  3.0
Dodging        | |  0.1

Action                   || total
-------------------------++-------
Melee: Long sword        ||    57
       Headbutt          ||     7
  Use: Scroll            ||     3
       Potion            ||     1
Armor: Scale mail        ||    29
Dodge: Dodged            ||    41
Block: Buckler           ||    16
